 Dungeon Crawl Stone Soup version 0.29.1-2-gbd0b4ee654 (webtiles) character file.

Game seed: 6440897079690914456

60 Explode1 the Chopper (level 3, 0/33 HPs)
             Began as a Minotaur Berserker on Nov 2, 2022.
             Was a Believer of Trog.
             Succumbed to a kobold's poison
             ... on level 2 of the Dungeon.
             The game lasted 00:03:56 (1339 turns).

Explode1 the Chopper (Minotaur Berserker)           Turns: 1339, Time: 00:03:56

Health: 0/33       AC:  9    Str: 23    XL:     3   Next: 80%
Magic:  2/2        EV:  8    Int:  4    God:    Trog [**....]
Gold:   78         SH:  0    Dex:  9    Spells: 2/2 levels left

rFire   . . .      SeeInvis .   a - +0 hand axe
rCold   . . .      Faith    .   (no shield)
rNeg    . . .      Spirit   .   k - +0 chain mail
rPois   .          Reflect  .   (helmet restricted)
rElec   .          Harm     .   (no cloak)
rCorr   .          Rampage  .   (no gloves)
Will    .....                   (no boots)
Stlth   ..........              (no amulet)
HPRegen 0.11/turn               (no ring)
MPRegen 0.08/turn               (no ring)

@: lethally poisoned (0 -> -20), attractive
A: horns 2, retaliatory headbutt
a: Renounce Religion, Berserk, Trog's Hand


You were on level 2 of the Dungeon.
You worshipped Trog.
Trog was pleased with you.
You visited 1 branch of the dungeon, and saw 2 of its levels.

You collected 78 gold pieces.

Inventory:

Hand Weapons
 a - a +0 hand axe (weapon)
Armour
 b - a +0 animal skin
 k - a +0 chain mail (worn)
Scrolls
 e - a scroll of fear {unknown}
 f - a scroll of teleportation {unknown}
 g - 2 scrolls of identify {unknown}
 i - 2 scrolls of amnesia {unknown}
 j - 3 scrolls of immolation {unknown}
Potions
 c - a potion of heal wounds {unknown}
 d - a potion of mutation {unknown}


   Skills:
 - Level 4.0 Fighting
 + Level 4.9 Axes
 - Level 2.9 Armour
 - Level 2.7 Dodging


You had 2 spell levels left.
You didn't know any spells.
Your spell library was empty.

Dungeon Overview and Level Annotations

Branches:
Dungeon (2/15)

Altars:


Innate Abilities, Weirdness & Mutations

You have a pair of horns on your head.
You reflexively headbutt those who attack you in melee.


Message History

You kill the adder!
Trog accepts your kill.
No target in view!
You now have 78 gold pieces (gained 4).
A kobold comes into view.
It is wielding a +2 short sword of venom.
The kobold shouts!
A ball python comes into view.
The ball python hisses angrily.
You barely miss the kobold. The kobold barely misses you.
You closely miss the kobold.
The kobold hits you with a +2 short sword of venom.
You are poisoned.
You hit the kobold.
The kobold is moderately wounded.
You feel very sick.
The kobold hits you with a +2 short sword of venom.
You are more poisoned.
The kobold barely misses you.
You are too injured to fight recklessly!
You are too injured to fight recklessly!
You are too injured to fight recklessly!
You hit the kobold. Your headbutt misses the kobold.
The kobold is heavily wounded.
You feel very sick.
The kobold hits you with a +2 short sword of venom.
You are more poisoned.
You barely miss the kobold. Your headbutt misses the kobold.
The kobold is heavily wounded.
* * * LOW HITPOINT WARNING * * *
You feel very sick. The kobold hits you but does no damage.
You are more poisoned.
You closely miss the kobold.
The kobold is heavily wounded.
* * * LOW HITPOINT WARNING * * *
You feel very sick. The kobold barely misses you.
It was a potion of attraction.
You feel attractive to monsters.
You die...

##...# ####.####
.....#######.#
...#.........#
#..#.######### #....#
#....# ####.##
######.## ......# #####
#.KS....# ###...#
#...####@### #...#
#.#........# #...#
..........# #...#
#.#.###.#.#
###...####.#.##..#.#
................##)##.
.......................
............#†..##.##..
###...########.## ##


You could see a ball python and a kobold.

Vanquished Creatures
  An adder (D:2)
  2 dart slugs (D:1)
  5 bats
  3 endoplasms
  2 giant cockroaches (D:1)
  3 goblins (D:1)
  3 hobgoblins (D:1)
  8 jackals (D:1)
  4 kobolds
  3 ball pythons (D:1)
  4 frilled lizards (D:1)
  4 rats
42 creatures vanquished.

Notes
Turn   | Place    | Note
-------+----------+-------------------------------------------
     0 | D:1      | Explode1 the Minotaur Berserker began the quest for the
                  | Orb.
     0 | D:1      | Reached XP level 1. HP: 19/19 MP: 0/0
    81 | D:1      | Reached XP level 2. HP: 24/27 MP: 1/1
   422 | D:1      | Reached ** piety under Trog
   470 | D:1      | Reached XP level 3. HP: 32/33 MP: 2/2
  1339 | D:2      | Succumbed to a kobold's poison

Illustrated notes

Levels and vault maps discovered:
D:1:      doesnt_arrival_eight_statues, layout_loops_cross, minmay_hexomino_u4
D:2:      layout_loops_cross, minmay_misc_feat_ornament

Skill      XL: |  1  2 |
---------------+-------+-----
Axes           | 4 |  4.9
Fighting       | 4 |  4.0
Armour         | |  2.9
Dodging        | |  2.7

Action                   || total
-------------------------++-------
Melee: Hand axe          ||    82
       Headbutt          ||     8
  Use: Potion            ||     1
 Stab: Sleeping          ||     1
Armor: Animal skin       ||     7
       Chain mail        ||     6
Dodge: Dodged            ||    61
